 Dungeon Crawl Stone Soup version 0.28.0-53-g5a82cb258f (webtiles) character file.

Game seed: 9834473629504558769

9174 DemonSlayer the Arsonist (level 11, -8/72 HPs)
             Began as a Demonspawn Fire Elementalist on Oct 2, 2022.
             Was a Believer of Cheibriados.
             Mangled by a very large slime creature (23 damage)
             ... in an ice cave.
             The game lasted 00:26:27 (14191 turns).

DemonSlayer the Arsonist (DsFE)                    Turns: 14191, Time: 00:26:27

Health: -8/72      AC: 19    Str: 13    XL:     11   Next: 19%
Magic:  16/24      EV: 14    Int: 27    God:    Cheibriados [**....]
Gold:   277        SH:  9    Dex: 24    Spells: 3/29 levels left

rFire   . . .      SeeInvis +   x - +8 long sword of Fiun Xio {vorpal, rC++ rCorr Int-3 SInv}
rCold   + + .      Faith    .   (no shield)
rNeg    . . .      Spirit   .   l - +0 steam dragon scales
rPois   .          Reflect  +   q - +0 hat
rElec   .          Harm     .   (no cloak)
rCorr   +          Rampage  .   k - +0 pair of gloves
Will    .....                   (no boots)
Stlth   +++.......              y - amulet of reflection
HPRegen 0.22/turn               c - +6 ring of intelligence
MPRegen 0.19/turn               A - +6 ring of dexterity

@: about to teleport, sanguine armoured, very slow
A: icemail 1, sanguine armour 2, condensation shield, demonic touch 1
a: Renounce Religion, Bend Time


You were in an ice cave.
You worshipped Cheibriados.
Cheibriados was pleased with you.
You visited 3 branches of the dungeon, and saw 12 of its levels.
You also visited: Ice Cave.

You collected 529 gold pieces.
You spent 252 gold pieces at shops.

Inventory:

Hand Weapons
 x - the +8 long sword of Fiun Xio (weapon) {vorpal, rC++ rCorr Int-3 SInv}
   (You found it on level 9 of the Dungeon)

   It inflicts extra damage upon your enemies.
   Int:       It affects your intelligence (-3).
   rC:        It greatly protects you from cold.
   SInv:      It lets you see invisible.
   rCorr:     It protects you from acid and corrosion.
Missiles
 z - a curare-tipped dart
Armour
 k - a +0 pair of gloves (worn)
 l - +0 steam dragon scales (worn)
 q - a +0 hat (worn)
Jewellery
 c - a +6 ring of intelligence (left hand)
 r - a ring of willpower
 y - an amulet of reflection (around neck)
 A - a +6 ring of dexterity (right hand)
Wands
 i - a wand of mindburst (18)
 s - a wand of iceblast (16)
 t - a wand of flame (5)
 u - a wand of polymorph (23)
 w - a wand of paralysis (8)
 B - a wand of acid (1)
 F - a wand of digging (4)
Scrolls
 h - 2 scrolls of enchant weapon
 m - a scroll of silence
 p - a scroll of immolation
 v - a scroll of fear
Potions
 a - a potion of berserk rage {unknown}
 b - 4 potions of flight
 e - 2 potions of mutation
 f - a potion of degeneration
 g - a potion of resistance {unknown}
 j - 6 potions of curing
 n - a potion of brilliance {unknown}
 o - 2 potions of lignification {unknown}


   Skills:
 + Level 2.0 Fighting
 + Level 2.2 Short Blades
 + Level 0.2(1.3) Long Blades
 + Level 0.2 Throwing
 + Level 3.4 Dodging
 + Level 5.1 Stealth
 + Level 2.8 Shields
 + Level 9.9 Spellcasting
 + Level 2.0 Conjurations
 + Level 10.7 Fire Magic
 + Level 2.3 Evocations


You had 3 spell levels left.
You knew the following spells:

 Your Spells              Type           Power      Damage    Failure   Level
a - Foxfire               Conj/Fire      100%       2x1d9     1%          1
b - Scorch                Fire           100%       2d10      1%          2
c - Conjure Flame         Conj/Fire      47%        6-21      1%          3
d - Flame Wave            Conj/Fire      47%        2d10      3%          4
e - Summon Hydra          Summ           6%         N/A       100%        7
f - Summon Mana Viper     Hex/Summ       13%        N/A       77%         5
g - Summon Ice Beast      Ice/Summ       13%        N/A       41%         4

Your spell library contained the following spells:

 Spells                   Type           Power      Damage    Failure   Level
 Inner Flame              Hex/Fire       42%        N/A       1%          3
 Sting                    Tmut/Pois      52%        1d5       4%          1
 Sublimation of Blood     Necr           13%        N/A       7%          2
 Wereblood                Tmut           13%        N/A       7%          2
 Gell's Gravitas          Tloc           13%        N/A       13%         3
 Lesser Beckoning         Tloc           13%        N/A       13%         3
 Teleport Other           Tloc           13%        N/A       13%         3
 Monstrous Menagerie      Summ           6%         N/A       100%        7


Dungeon Overview and Level Annotations

Branches:
Dungeon (10/15)            Temple (1/1) D:6            Lair (1/6) D:10
  IceCv (1/1)
    Orc: D:9-12

Altars:
Ashenzari
Cheibriados
Dithmenos
Elyvilon
Fedhas
Gozag
Hepliaklqana
Kikubaaqudgha
Makhleb
Nemelex Xobeh
Okawaru
Qazlal
Ru
Sif Muna
Trog
Uskayaw
Vehumet
Wu Jian
Xom
Yredelemnul
Zin
The Shining One

Shops:
D:9 !

Portals:
Abyss: D:5

Annotations:
D:5 2 transporters, HarokuSaki's ghost, novice DsFE
D:8 3 runed translucent doors, Jingleheimer's ghost, novice TeBe IceCv exclusion: ice statue


Innate Abilities, Weirdness & Mutations

A meltable icy envelope protects you from harm. (AC +4)
When seriously injured, your blood forms thick armour. (AC +9)
A meltable shield of frost defends you. (SH +4)
Your touch may inflict minor irresistible damage on your foes.


Message History

The large slime creature's fire resistance burns away.
Two slime creatures merge to form a large slime creature.
A large slime creature splits.
Flames lash the slime creature.
The slime creature is burned terribly!
The slime creature is moderately wounded.
The slime creature hits you!
Two slime creatures merge to form a very large slime creature.
Two slime creatures merge to form an enormous slime creature.
The slime creature hits you!
Your blood congeals into armour.
The slime creature hits you.
An enormous slime creature splits.
The slime creature hits you!
The large slime creature is no longer more vulnerable to fire. x2
Two slime creatures merge to form a very large slime creature.
The slime creature closely misses you.
Okay, then.
You feel much better.
Your blood armour dries and flakes away.
The slime creature is no longer more vulnerable to fire.
Two slime creatures merge to form a very large slime creature.
You block the entropy weaver simulacrum's attack.
The entropy weaver simulacrum hits you but does no damage.
The entropy weaver simulacrum hits you.
Your blood congeals into armour.
The entropy weaver simulacrum freezes you!
You resist.
The entropy weaver simulacrum hits you but does no damage.
The very large slime creature is no longer more vulnerable to fire.
A very large slime creature splits.
The very large slime creature closely misses you.
As you read the scroll of teleportation, it crumbles to dust.
You feel strangely unstable. The entropy weaver simulacrum hits you.
The entropy weaver simulacrum freezes you!
You resist. The entropy weaver simulacrum hits you!
* * * LOW HITPOINT WARNING * * *
The entropy weaver simulacrum freezes you.
You resist.
* * * LOW HITPOINT WARNING * * *
You block the entropy weaver simulacrum's attack. x2
A large slime creature splits.
The very large slime creature hits you!!
You die...

##### ##.∩.## #..∩..#
##...## ##.## ##.##
####...####
####.........####
###JJ@..#####.....###
##.JJZ#### ###.....##
#...### ####....
#.....## ###..
#.....## #. #....## #
#.... #... ##.


You could see a very large slime creature, 3 slime creatures and an entropy
weaver simulacrum.

Vanquished Creatures
  3 two-headed ogres
  Maggie (D:8)
  A gargoyle (D:10)
  A komodo dragon (D:10)
  A kobold demonologist (D:9)
  An entropy weaver simulacrum (IceCv)
  A polar bear (D:9)
  Prince Ribbit (D:7)
  A troll (D:10)
  Sigmund (D:4)
  3 yaks (D:10)
  Eustachio (D:5)
  Grum (D:10)
  3 steam dragons
  An acid dragon (D:8)
  3 demonic crawler simulacra (IceCv)
  2 orc warriors
  4 wolves (D:10)
  A necrophage (D:8)
  An ogre (D:5)
  A centaur (D:6)
  3 phantoms
  7 bullfrogs
  2 kobold brigands
  A gnoll sergeant (D:8)
  A glowing shapeshifter simulacrum (IceCv)
  2 scorpions (D:10)
  6 killer bees (D:10)
  3 electric eels (D:9)
  4 wights (D:9)
  A howler monkey (D:5)
  A bullfrog zombie (D:6)
  5 hounds
  4 jellies
  3 centaur zombies
  5 orc priests
  A gnoll shaman (D:6)
  Jessica (D:3)
  4 iguanas
  9 orc wizards
  2 killer bee zombies (D:7)
  2 centaur simulacra (D:9)
  A killer bee simulacrum (D:9)
  A howler monkey zombie (D:7)
  12 gnolls
  8 adders
  2 white imps (D:9)
  4 ufetubi
  An adder skeleton (D:4)
  2 worms
  9 dart slugs
  32 orcs
  9 ball pythons
  9 endoplasms
  3 giant cockroaches
  6 goblins
  4 hobgoblins
  5 jackals
  3 quokkas
  8 bats
  6 frilled lizards
  15 kobolds
  7 rats
247 creatures vanquished.

Vanquished Creatures (others)
  A human (D:10)
  An adder (D:2)
  A dart slug (D:2)
  2 hobgoblins (D:2)
  A frilled lizard (D:2)
  109 foxfires
  3 fungi
  2 plants (D:8)
120 creatures vanquished.

Grand Total: 367 creatures vanquished

Notes
Turn   | Place    | Note
-------+----------+-------------------------------------------
     0 | D:1      | DemonSlayer the Demonspawn Fire Elementalist began the
                  | quest for the Orb.
     0 | D:1      | Reached XP level 1. HP: 13/13 MP: 3/3
   323 | D:1      | Reached skill level 3 in Fire Magic
   773 | D:1      | Gained mutation: Your touch may inflict minor irresistible
                  | damage on your foes. [demonic ancestry]
   773 | D:1      | Reached XP level 2. HP: 17/19 MP: 0/5
   845 | D:1      | Learned a level 2 spell: Scorch
  1204 | D:1      | Gained mutation: When seriously injured, your blood forms
                  | armour. (AC +9) [demonic ancestry]
  1204 | D:1      | Reached XP level 3. HP: 19/24 MP: 4/6
  1320 | D:1      | Found a faded altar of an unknown god.
  1390 | D:1      | Got Plato's Reference Book on Transmigration
  1797 | D:1      | Learned a level 3 spell: Conjure Flame
  2066 | D:2      | Reached XP level 4. HP: 25/30 MP: 7/7
  3273 | D:3      | Gained mutation: When seriously injured, your blood forms
                  | thick armour. (AC +9) [demonic ancestry]
  3273 | D:3      | Reached XP level 5. HP: 35/35 MP: 4/9
  3283 | D:3      | Reached skill level 1 in Short Blades
  3386 | D:3      | Noticed Jessica
  3393 | D:3      | Killed Jessica
  3756 | D:4      | Noticed Sigmund
  3758 | D:4      | Killed Sigmund
  3759 | D:4      | Reached skill level 4 in Fire Magic
  3759 | D:4      | Gained mutation: A meltable shield of frost defends you.
                  | (SH +4) [demonic ancestry]
  3759 | D:4      | Reached XP level 6. HP: 41/41 MP: 9/11
  4793 | D:4      | Reached XP level 7. HP: 46/46 MP: 10/13
  4798 | D:4      | Learned a level 4 spell: Flame Wave
  5289 | D:5      | Entered Level 5 of the Dungeon
  5461 | D:5      | Reached skill level 1 in Fighting
  5518 | D:5      | Noticed a steam dragon
  5524 | D:5      | Killed a steam dragon
  5525 | D:5      | Reached skill level 5 in Fire Magic
  5816 | D:5      | Found a hazy altar of Hepliaklqana.
  5824 | D:5      | Reached skill level 5 in Spellcasting
  6012 | D:5      | Noticed Eustachio
  6028 | D:5      | Killed Eustachio
  6029 | D:5      | Reached XP level 8. HP: 45/54 MP: 1/16
  6257 | D:5      | Reached skill level 6 in Fire Magic
  6339 | D:5      | Found a transporter.
  6339 | D:5      | Found a transporter.
  6352 | D:5      | Noticed HarokuSaki's ghost (novice DsFE)
  6353 | D:5      | Found a one-way gate to the infinite horrors of the Abyss.
  6520 | D:5      | Learned a level 7 spell: Summon Hydra
  6794 | D:5      | Noticed a toenail golem
  7132 | D:6      | Found a staircase to the Ecumenical Temple.
  7752 | D:6      | Reached skill level 1 in Shields
  8505 | Temple   | Entered the Ecumenical Temple
  8738 | D:7      | Noticed Prince Ribbit
  8743 | D:7      | Killed Prince Ribbit
  8744 | D:7      | Reached skill level 7 in Fire Magic
  8744 | D:7      | Gained mutation: A meltable icy envelope protects you from
                  | harm. (AC +4) [demonic ancestry]
  8744 | D:7      | Reached XP level 9. HP: 60/60 MP: 14/19
  8994 | D:7      | Noticed a two-headed ogre
  9001 | D:7      | Killed a two-headed ogre
  9260 | D:7      | Identified the +7 flail of an ice cave {pain, rC+ Int+5
                  | Dex-5 SInv}
  9464 | D:8      | Reached skill level 8 in Fire Magic
  9581 | D:8      | Noticed Maggie
  9598 | D:8      | Killed Maggie
  9722 | D:8      | Found a hide-covered altar of Uskayaw.
 10424 | D:8      | Reached XP level 10. HP: 63/67 MP: 17/22
 10666 | D:8      | Found a runed translucent gate.
 10666 | D:8      | Found a runed translucent gate.
 10666 | D:8      | Found a runed translucent gate.
 10668 | D:8      | Noticed Jingleheimer's ghost (novice TeBe)
 10927 | D:8      | Reached skill level 9 in Fire Magic
 11308 | D:9      | Noticed a two-headed ogre
 11408 | D:9      | Killed a two-headed ogre
 11409 | D:9      | Reached skill level 5 in Stealth
 11420 | D:9      | Noticed a rust devil
 11508 | D:9      | Identified the +8 long sword of Fiun Xio {vorpal, rC++
                  | rCorr Int-3 SInv}
 11577 | Temple   | Became a worshipper of Cheibriados the Contemplative
 11795 | D:9      | Found Yteil's Distillery.
 11930 | D:9      | Bought a potion of heal wounds for 70 gold pieces
 11930 | D:9      | Bought a potion of curing for 42 gold pieces
 11930 | D:9      | Bought a potion of heal wounds for 70 gold pieces
 11930 | D:9      | Bought a potion of heal wounds for 70 gold pieces
 12011 | D:9      | Noticed a two-headed ogre
 12021 | D:9      | Killed a two-headed ogre
 12022 | D:9      | Reached skill level 10 in Fire Magic
 12022 | D:9      | Reached skill level 1 in Evocations
 12348 | D:9      | Learned a level 5 spell: Summon Mana Viper
 12353 | D:9      | Learned a level 4 spell: Summon Ice Beast
 12380 | D:10     | Entered Level 10 of the Dungeon
 12396 | D:10     | Reached * piety under Cheibriados
 12697 | D:10     | Noticed Grum
 12710 | D:10     | Reached XP level 11. HP: 46/72 MP: 1/24
 12716 | D:10     | Killed Grum
 13296 | D:10     | Noticed a skeletal warrior
 13297 | D:10     | Noticed an orc knight
 13510 | D:10     | Found an ancient bone altar of Kikubaaqudgha.
 13606 | D:10     | Found a staircase to the Lair.
 13617 | Lair:1   | Entered Level 1 of the Lair of Beasts
 13699 | Lair:1   | Noticed a four-headed hydra
 13714 | Lair:1   | Found a frozen archway.
 13720 | IceCv    | Entered an ice cave
 13735 | IceCv    | Reached ** piety under Cheibriados
 14191 | IceCv    | Mangled by a very large slime creature

Illustrated notes

Levels and vault maps discovered:
D:1:      moated_graveyard_arrival, layout_loops_ring,
          shapermc_ecumenical_altar_rom_forum, minmay_octomino_j4
D:2:      layout_rooms, chequers_decorated_corner,
          amcnicky_mini_rare_corridor_liquid, lemuel_flame_loot_1
D:3:      layout_basic, uniq_jessica
D:4:      layout_basic, uniq_sigmund
D:5:      layout_basic, jmf_multi_god_temple, gammafunk_ghost_abyssal_escape,
          chequers_mini_garden, hangedman_decor_opposing, uniq_eustachio
D:6:      layout_basic, minmay_temple_entry_ruins
D:7:      layout_cave_pools, kennysheep_generic_room_9, uniq_prince_ribbit1
D:8:      layout_loops_ring, nicolae_uskayaw_suspiria,
          gammafunk_ghost_nasty_kobolds, uniq_maggie
D:9:      layout_rooms, serial_ice, serial_ice_h, serial_ice_j, serial_ice_b,
          serial_ice_f, serial_shops, nicolae_square_shop
D:10:     minmay_shrinking_squares, layout_irregular_city, tgw_kikubaaqudgha,
          grunt_lair_entry_orc_guard_hut, uniq_grum
Temple:   eino_narrow_crystal_temple
Lair:1:   layout_gridlike, portal_ice_cave_entry_pillars_1, minivault_23,
          minivault_27, lemuel_old_faithful, infiniplex_staircase_pool_2,
          lemuel_fruit_tree, uniq_urug
IceCv:    ice_cave_hellmonk_azure_passage

Skill      XL: |  1  2  3  4  5  6  7  8  9 10 11 |
---------------+----------------------------------+-----
Fire Magic     | 3 4 5 7 8 10 | 10.7
Dodging        | 2 3 |  3.4
Stealth        | 2 3 4 5 |  5.1
Short Blades   | 1 2 |  2.2
Spellcasting   | 3 4 5 6 8 9 |  9.9
Fighting       | 1 2 |  2.0
Shields        | 1 2 |  2.8
Conjurations   | 2 |  2.0
Evocations     | 2 |  2.3
Long Blades    | |  0.2
Throwing       | |  0.2

Action                   |  1- 3 |  4- 6 |  7- 9 | 10-12 || total
-------------------------+-------+-------+-------+-------++-------
Melee: Dagger            |    60 |    46 |    76 |     4 ||   186
       Touch             |     3 |    16 |    14 |     3 ||    36
       Punch             |       |       |     1 |       ||     1
       Long sword        |       |       |       |    24 ||    24
Throw: Stone             |     8 |       |       |       ||     8
       Throwing net      |       |       |       |     2 ||     2
       Dart              |       |       |       |     1 ||     1
 Cast: Foxfire           |    58 |       |    16 |     5 ||    79
       Scorch            |       |    44 |   144 |   117 ||   305
       Conjure Flame     |       |       |     2 |     1 ||     3
Evoke: Wand              |       |       |     2 |    19 ||    21
  Use: Potion            |       |       |     2 |     4 ||     6
       Scroll            |       |       |    14 |     5 ||    19
 Stab: Sleeping          |    17 |     7 |     7 |     4 ||    35
Armor: Robe              |    18 |     5 |    22 |       ||    45
       Steam dragon scal |       |       |    19 |    60 ||    79
Dodge: Dodged            |    40 |    25 |    72 |    96 ||   233
Block: Other             |       |     1 |    59 |    74 ||   134
       Reflection        |       |       |     1 |     3 ||     4
